General information
- name: BNet
- type: Ladder team game (AT/RT)
- host: Battle.net
- saver: website-world
map: SunrockCove
- players: 6
- length: 65:54
- speed: Fast
- version: 1.28 W3XP
- replay type:

» download(445 KB)
Players
team 1 (winner)
iggy_the_fisk (
teal | 114 APM | 7536 actions | 65:52)
8 Mountain King
3 Storm Bolt
3 Bash
1 Avatar
1 Thunder Clap
7 Paladin
3 Holy Light
3 Divine Shield
1 Devotion Aura
» actions
| Assign group hotkey | 449 | |
| Basic commands | 69 | |
| Build / train | 155 | |
| Enter build submenu | 113 | |
| Enter hero's abilities submenu | 15 | |
| Give item / drop item | 5 | |
| Remove unit from queue | 1 | |
| Right click | 3913 | |
| Select / deselect | 611 | |
| Select group hotkey | 1795 | |
| Use ability | 407 | |
7536 total
» units
| Peasant | 31 | |
| Dragonhawk Rider | 6 | |
| Goblin Zeppelin | 1 | |
38 total
» upgrades
| Masonry | 3 | |
| Lumber Harvesting | 2 | |
| Magic Sentry | 1 | |
| Animal War Training | 1 | |
| Swords | 3 | |
| Armor | 3 | |
13 total
» buildings
| Altar of Kings | 2 | |
| Farm | 10 | |
| Lumber Mill | 1 | |
| Scout Tower | 103 | |
| Arcane Tower | 11 | |
| Guard Tower | 45 | |
| Arcane Vault | 2 | |
| Keep | 1 | |
| Town Hall | 3 | |
| Castle | 2 | |
| Arcane Sanctum | 1 | |
| Gryphon Aviary | 1 | |
| Barracks | 1 | |
| Blacksmith | 1 | |
184 total
» build order
00:04 Altar of Kings
00:19 Farm
00:46 Lumber Mill
01:01 Farm
01:21 Scout Tower
01:45 Scout Tower
01:48 Arcane Tower
02:18 Guard Tower
02:19 Scout Tower
02:20 Scout Tower
02:45 Scout Tower
02:47 Guard Tower
03:19 Scout Tower
03:20 Scout Tower
03:41 Guard Tower
04:01 Arcane Vault
04:05 Guard Tower
04:20 Keep
04:45 Scout Tower
04:46 Scout Tower
04:47 Guard Tower
05:23 Guard Tower
06:02 Guard Tower
06:05 Scout Tower
06:07 Scout Tower
06:07 Scout Tower
06:45 Town Hall
06:50 Scout Tower
06:51 Scout Tower
06:51 Scout Tower
06:52 Scout Tower
06:55 Scout Tower
06:56 Scout Tower
08:01 Arcane Tower
08:02 Guard Tower
08:03 Scout Tower
08:04 Scout Tower
08:17 Guard Tower
08:18 Scout Tower
08:20 Scout Tower
08:38 Farm
08:50 Arcane Tower
08:51 Guard Tower
08:57 Guard Tower
09:25 Scout Tower
09:26 Scout Tower
09:27 Scout Tower
09:30 Guard Tower
09:31 Scout Tower
09:32 Scout Tower
10:47 Arcane Tower
10:48 Guard Tower
10:49 Scout Tower
10:50 Scout Tower
10:52 Arcane Vault
10:55 Scout Tower
10:55 Scout Tower
11:01 Guard Tower
11:05 Scout Tower
11:18 Castle
11:18 Castle
11:42 Guard Tower
12:00 Scout Tower
12:01 Scout Tower
12:28 Guard Tower
12:30 Scout Tower
12:41 Guard Tower
12:43 Scout Tower
12:46 Scout Tower
12:47 Scout Tower
12:48 Scout Tower
12:51 Scout Tower
12:51 Scout Tower
12:52 Scout Tower
12:54 Guard Tower
12:55 Scout Tower
13:52 Arcane Sanctum
13:56 Guard Tower
13:58 Scout Tower
13:58 Scout Tower
14:10 Scout Tower
14:15 Scout Tower
14:16 Scout Tower
14:26 Guard Tower
14:41 Arcane Tower
14:41 Arcane Tower
14:53 Arcane Tower
14:56 Scout Tower
14:58 Scout Tower
15:19 Scout Tower
15:20 Guard Tower
15:43 Guard Tower
16:03 Guard Tower
16:36 Gryphon Aviary
16:38 Barracks
16:44 Blacksmith
16:52 Guard Tower
17:00 Scout Tower
17:00 Scout Tower
17:37 Guard Tower
17:46 Scout Tower
17:46 Scout Tower
17:51 Scout Tower
17:51 Scout Tower
18:00 Guard Tower
18:04 Scout Tower
18:05 Scout Tower
19:07 Guard Tower
19:08 Scout Tower
19:10 Scout Tower
19:19 Guard Tower
19:34 Farm
19:36 Farm
20:59 Guard Tower
22:20 Guard Tower
25:02 Scout Tower
25:03 Scout Tower
25:03 Scout Tower
25:04 Scout Tower
25:07 Scout Tower
25:16 Arcane Tower
25:19 Scout Tower
25:22 Scout Tower
26:52 Guard Tower
28:20 Guard Tower
28:22 Scout Tower
28:23 Scout Tower
29:08 Guard Tower
29:11 Scout Tower
29:12 Scout Tower
29:13 Scout Tower
29:16 Scout Tower
29:20 Scout Tower
29:25 Arcane Tower
29:30 Scout Tower
29:32 Scout Tower
30:43 Guard Tower
33:02 Guard Tower
33:07 Scout Tower
33:07 Scout Tower
33:11 Scout Tower
33:15 Scout Tower
33:40 Guard Tower
33:42 Scout Tower
33:44 Guard Tower
34:22 Scout Tower
34:23 Scout Tower
35:10 Guard Tower
35:13 Scout Tower
35:34 Guard Tower
35:37 Scout Tower
35:37 Scout Tower
35:44 Guard Tower
36:31 Guard Tower
36:34 Scout Tower
36:35 Scout Tower
36:37 Scout Tower
36:38 Scout Tower
36:38 Scout Tower
36:41 Scout Tower
36:42 Scout Tower
36:43 Scout Tower
36:44 Scout Tower
36:45 Scout Tower
36:45 Scout Tower
37:12 Guard Tower
38:13 Guard Tower
38:19 Guard Tower
38:24 Scout Tower
42:04 Guard Tower
42:08 Scout Tower
42:09 Scout Tower
42:10 Scout Tower
42:11 Scout Tower
42:45 Altar of Kings
42:47 Farm
42:47 Farm
44:02 Arcane Tower
45:24 Town Hall
48:48 Farm
48:49 Farm
48:50 Farm
59:46 Town Hall
» items
| Lesser Clarity Potion | 4 | |
| Scroll of Regeneration | 10 | |
| Potion of Invisibility | 1 | |
| Boots of Speed | 2 | |
| Staff of Teleportation | 3 | |
| Scroll of Town Portal | 4 | |
| Staff of Sanctuary | 1 | |
| Healing Salve | 1 | |
| Orb of Lightning | 1 | |
27 total
stormsinjuly (
blue | 75 APM | 4910 actions | 65:52)
7 Archmage
3 Blizzard
3 Brilliance Aura
1 Mass Teleport
» actions
| Assign group hotkey | 104 | |
| Basic commands | 64 | |
| Build / train | 243 | |
| ESC pressed | 9 | |
| Enter build submenu | 137 | |
| Enter hero's abilities submenu | 8 | |
| Give item / drop item | 1 | |
| Remove unit from queue | 3 | |
| Right click | 2522 | |
| Select / deselect | 1179 | |
| Select group hotkey | 205 | |
| Use ability | 433 | |
4910 total
» units
| Peasant | 34 | |
| Goblin Zeppelin | 3 | |
| Goblin Shredder | 4 | |
| Dragonhawk Rider | 17 | |
58 total
» upgrades
| Masonry | 3 | |
| Magic Sentry | 1 | |
| Armor | 3 | |
| Animal War Training | 1 | |
| Cloud | 1 | |
| Storm Hammers | 1 | |
10 total
» buildings
| Altar of Kings | 2 | |
| Farm | 19 | |
| Scout Tower | 101 | |
| Arcane Tower | 6 | |
| Lumber Mill | 5 | |
| Guard Tower | 139 | |
| Town Hall | 3 | |
| Keep | 3 | |
| Arcane Vault | 2 | |
| Arcane Sanctum | 1 | |
| Gryphon Aviary | 1 | |
| Castle | 1 | |
| Barracks | 1 | |
| Blacksmith | 1 | |
285 total
» build order
00:05 Altar of Kings
00:32 Farm
00:51 Scout Tower
01:19 Arcane Tower
01:19 Arcane Tower
01:19 Arcane Tower
01:26 Lumber Mill
01:51 Scout Tower
01:56 Scout Tower
01:58 Scout Tower
02:10 Farm
02:32 Guard Tower
02:32 Guard Tower
02:32 Guard Tower
02:33 Guard Tower
02:33 Guard Tower
03:11 Guard Tower
03:12 Guard Tower
04:01 Scout Tower
04:18 Scout Tower
04:19 Scout Tower
04:22 Scout Tower
04:24 Scout Tower
04:47 Guard Tower
04:47 Guard Tower
04:50 Guard Tower
04:51 Guard Tower
04:51 Guard Tower
05:06 Guard Tower
05:07 Guard Tower
05:09 Farm
05:54 Town Hall
06:00 Scout Tower
06:05 Scout Tower
06:26 Guard Tower
06:27 Guard Tower
06:27 Guard Tower
06:31 Arcane Tower
06:32 Arcane Tower
06:35 Scout Tower
06:50 Scout Tower
07:02 Guard Tower
07:02 Guard Tower
07:07 Scout Tower
07:18 Guard Tower
07:18 Guard Tower
07:19 Scout Tower
07:42 Guard Tower
07:43 Guard Tower
07:46 Guard Tower
08:22 Keep
08:36 Scout Tower
08:37 Scout Tower
09:08 Guard Tower
09:23 Arcane Vault
09:29 Scout Tower
09:29 Scout Tower
09:55 Scout Tower
09:55 Scout Tower
11:53 Lumber Mill
12:35 Scout Tower
12:36 Scout Tower
12:37 Scout Tower
12:39 Scout Tower
12:40 Scout Tower
12:44 Scout Tower
12:47 Scout Tower
12:49 Scout Tower
12:54 Scout Tower
12:56 Scout Tower
13:08 Guard Tower
13:08 Guard Tower
13:13 Guard Tower
13:14 Guard Tower
13:14 Guard Tower
13:15 Scout Tower
13:17 Scout Tower
13:45 Guard Tower
13:46 Guard Tower
13:46 Guard Tower
13:47 Scout Tower
13:49 Scout Tower
13:54 Scout Tower
13:57 Scout Tower
14:15 Guard Tower
14:15 Guard Tower
14:21 Scout Tower
14:27 Guard Tower
14:28 Guard Tower
14:28 Guard Tower
14:28 Guard Tower
14:29 Guard Tower
14:31 Scout Tower
14:37 Scout Tower
14:41 Scout Tower
14:42 Scout Tower
14:50 Guard Tower
14:50 Guard Tower
14:50 Guard Tower
15:10 Guard Tower
15:10 Guard Tower
15:10 Guard Tower
15:11 Guard Tower
15:11 Guard Tower
15:11 Guard Tower
15:19 Scout Tower
15:20 Scout Tower
15:50 Guard Tower
15:52 Scout Tower
16:00 Scout Tower
16:45 Scout Tower
17:00 Scout Tower
17:00 Scout Tower
17:25 Town Hall
17:57 Guard Tower
17:58 Guard Tower
18:04 Guard Tower
18:04 Guard Tower
18:06 Scout Tower
18:08 Scout Tower
18:44 Guard Tower
18:44 Guard Tower
19:09 Scout Tower
19:09 Scout Tower
19:28 Farm
20:44 Guard Tower
20:47 Scout Tower
20:53 Scout Tower
21:01 Farm
21:15 Guard Tower
21:22 Guard Tower
21:23 Guard Tower
21:23 Guard Tower
21:24 Guard Tower
21:26 Scout Tower
21:29 Scout Tower
22:12 Guard Tower
22:13 Guard Tower
22:19 Scout Tower
22:20 Scout Tower
22:22 Scout Tower
22:22 Scout Tower
22:23 Scout Tower
22:25 Scout Tower
22:26 Scout Tower
22:26 Scout Tower
22:50 Scout Tower
22:52 Scout Tower
24:16 Guard Tower
24:16 Guard Tower
24:59 Guard Tower
24:59 Guard Tower
25:19 Scout Tower
25:28 Guard Tower
25:28 Guard Tower
25:29 Scout Tower
25:30 Scout Tower
25:48 Guard Tower
25:48 Guard Tower
25:49 Guard Tower
26:00 Guard Tower
26:29 Keep
27:36 Scout Tower
27:37 Scout Tower
27:40 Scout Tower
27:41 Scout Tower
27:59 Guard Tower
28:02 Scout Tower
28:04 Scout Tower
28:19 Farm
28:33 Guard Tower
28:33 Guard Tower
28:35 Scout Tower
28:36 Scout Tower
28:39 Scout Tower
28:44 Scout Tower
28:49 Guard Tower
28:49 Guard Tower
28:53 Scout Tower
28:54 Scout Tower
28:55 Guard Tower
28:55 Guard Tower
28:55 Guard Tower
29:26 Guard Tower
29:26 Guard Tower
29:27 Guard Tower
29:29 Lumber Mill
29:33 Arcane Sanctum
29:36 Scout Tower
29:40 Gryphon Aviary
29:50 Guard Tower
29:50 Guard Tower
29:52 Scout Tower
29:53 Scout Tower
29:56 Guard Tower
29:56 Guard Tower
29:56 Guard Tower
30:42 Scout Tower
31:07 Guard Tower
31:08 Guard Tower
31:12 Guard Tower
31:12 Guard Tower
31:35 Farm
31:40 Farm
31:44 Lumber Mill
32:07 Guard Tower
32:08 Guard Tower
32:08 Guard Tower
33:07 Guard Tower
33:07 Guard Tower
33:10 Scout Tower
33:11 Scout Tower
33:24 Scout Tower
33:27 Scout Tower
34:34 Guard Tower
34:35 Guard Tower
34:50 Guard Tower
34:51 Guard Tower
34:52 Scout Tower
34:59 Altar of Kings
35:41 Guard Tower
35:41 Guard Tower
35:41 Guard Tower
35:50 Arcane Vault
36:20 Castle
37:24 Barracks
37:25 Blacksmith
38:30 Lumber Mill
39:14 Farm
43:09 Scout Tower
43:09 Scout Tower
43:10 Scout Tower
43:13 Scout Tower
43:14 Scout Tower
43:15 Scout Tower
43:18 Scout Tower
43:19 Scout Tower
43:19 Scout Tower
43:20 Scout Tower
44:12 Guard Tower
44:13 Guard Tower
45:22 Guard Tower
45:23 Guard Tower
45:49 Town Hall
46:27 Farm
46:28 Farm
46:29 Farm
46:32 Farm
46:33 Farm
46:34 Farm
54:00 Farm
54:01 Farm
54:02 Farm
56:07 Farm
» items
| Staff of Teleportation | 1 | |
| Scroll of Town Portal | 1 | |
2 total
website-world (
green | 98 APM | 6488 actions | 65:54)
8 Blademaster
3 Wind Walk
3 Critical Strike
1 Bladestorm
1 Mirror Image
» actions
| Assign group hotkey | 33 | |
| Basic commands | 11 | |
| Build / train | 103 | |
| ESC pressed | 1 | |
| Enter build submenu | 86 | |
| Enter hero's abilities submenu | 8 | |
| Give item / drop item | 8 | |
| Remove unit from queue | 1 | |
| Right click | 4597 | |
| Select / deselect | 728 | |
| Select group hotkey | 466 | |
| Use ability | 445 | |
6488 total
» units
| Peon | 23 | |
| Troll Batrider | 33 | |
| Goblin Shredder | 1 | |
| Goblin Zeppelin | 1 | |
58 total
» upgrades
| Ranged Weapons | 3 | |
| Liquid Fire | 1 | |
| Reinforced Defenses | 1 | |
| Troll Regeneration | 1 | |
| Armor | 1 | |
7 total
» buildings
| Altar of Storms | 2 | |
| Orc Burrow | 8 | |
| War Mill | 2 | |
| Voodoo Lounge | 3 | |
| Watch Tower | 85 | |
| Great Hall | 3 | |
| Stronghold | 4 | |
| Beastiary | 4 | |
| Fortress | 3 | |
| Barracks | 1 | |
115 total
» build order
00:10 Altar of Storms
00:20 Orc Burrow
00:40 War Mill
01:05 Voodoo Lounge
01:57 Watch Tower
02:13 Watch Tower
02:47 Watch Tower
03:07 Orc Burrow
03:31 Watch Tower
03:48 Great Hall
04:02 Watch Tower
04:48 Watch Tower
05:23 Watch Tower
05:59 Watch Tower
06:21 Stronghold
06:21 Stronghold
06:26 Watch Tower
06:44 Watch Tower
06:45 Watch Tower
07:06 Watch Tower
07:16 Watch Tower
07:31 Watch Tower
07:58 Watch Tower
08:16 Watch Tower
08:17 Watch Tower
08:18 Watch Tower
08:32 Watch Tower
09:02 Beastiary
09:20 Watch Tower
09:31 Beastiary
10:08 Watch Tower
10:31 Watch Tower
10:37 Watch Tower
11:24 Fortress
11:24 Fortress
11:24 Fortress
11:30 Watch Tower
11:47 Watch Tower
12:01 Orc Burrow
12:35 Watch Tower
12:36 Watch Tower
12:38 Watch Tower
13:27 Watch Tower
13:54 Voodoo Lounge
14:51 Watch Tower
14:53 Watch Tower
14:55 Watch Tower
14:55 Watch Tower
15:51 Watch Tower
15:52 Watch Tower
16:58 Watch Tower
16:59 Watch Tower
17:00 Watch Tower
18:02 Barracks
24:41 Watch Tower
24:41 Watch Tower
24:42 Watch Tower
24:42 Watch Tower
24:43 Watch Tower
24:43 Watch Tower
26:22 Great Hall
26:25 Beastiary
26:28 Beastiary
26:30 Altar of Storms
26:33 Orc Burrow
26:53 Watch Tower
27:38 Watch Tower
27:39 Watch Tower
27:40 Watch Tower
27:44 Watch Tower
28:35 Great Hall
29:22 Watch Tower
29:24 Watch Tower
29:26 Watch Tower
29:28 Watch Tower
29:31 Watch Tower
29:34 War Mill
30:06 Orc Burrow
31:25 Watch Tower
32:43 Watch Tower
33:03 Voodoo Lounge
33:22 Watch Tower
33:23 Watch Tower
33:25 Watch Tower
33:26 Watch Tower
33:32 Watch Tower
33:33 Watch Tower
33:35 Watch Tower
33:36 Watch Tower
33:37 Watch Tower
33:38 Watch Tower
33:39 Watch Tower
33:40 Watch Tower
35:04 Stronghold
36:06 Orc Burrow
36:09 Orc Burrow
36:10 Orc Burrow
39:22 Watch Tower
39:23 Watch Tower
39:24 Watch Tower
39:26 Watch Tower
39:29 Watch Tower
39:30 Watch Tower
39:31 Watch Tower
39:33 Watch Tower
39:34 Watch Tower
39:36 Watch Tower
39:37 Watch Tower
40:28 Watch Tower
40:31 Watch Tower
47:40 Watch Tower
48:54 Watch Tower
48:55 Watch Tower
48:56 Watch Tower
» items
| Healing Salve | 3 | |
| Lesser Clarity Potion | 8 | |
| Boots of Speed | 1 | |
| Staff of Teleportation | 1 | |
| Orb of Lightning | 1 | |
| Scroll of Town Portal | 1 | |
| Potion of Healing | 1 | |
16 total
team 2 (loser)
bunited (
purple | 51 APM | 3360 actions | 65:52)
7 Death Knight
3 Death Coil
3 Unholy Aura
1 Animate Dead
6 Lich
3 Frost Nova
2 Frost Armor
1 Death and Decay
» actions
| Assign group hotkey | 31 | |
| Basic commands | 172 | |
| Build / train | 101 | |
| ESC pressed | 13 | |
| Enter build submenu | 40 | |
| Enter hero's abilities submenu | 15 | |
| Give item / drop item | 4 | |
| Right click | 1239 | |
| Select / deselect | 492 | |
| Select group hotkey | 1065 | |
| Use ability | 188 | |
3360 total
» units
| Acolyte | 22 | |
| Ghoul | 5 | |
| Crypt Fiend | 14 | |
| Frost Wyrm | 8 | |
| Goblin Zeppelin | 3 | |
52 total
» upgrades
| Creature Attack | 1 | |
| Creature Carapace | 3 | |
| Web | 1 | |
| Freezing Breath | 1 | |
6 total
» buildings
| Crypt | 1 | |
| Graveyard | 1 | |
| Ziggurat | 24 | |
| Altar of Darkness | 1 | |
| Tomb of Relics | 2 | |
| Nerubian Tower | 4 | |
| Halls of the Dead | 1 | |
| Necropolis | 3 | |
| Black Citadel | 1 | |
| Sacrificial Pit | 1 | |
| Boneyard | 4 | |
| Spirit Tower | 9 | |
| Tree of Life | 1 | |
53 total
» build order
00:09 Crypt
00:20 Graveyard
00:25 Ziggurat
00:43 Altar of Darkness
01:08 Tomb of Relics
02:06 Ziggurat
02:56 Nerubian Tower
04:07 Halls of the Dead
04:36 Ziggurat
08:05 Necropolis
08:36 Black Citadel
10:21 Sacrificial Pit
11:19 Boneyard
11:20 Boneyard
11:21 Boneyard
11:47 Boneyard
11:50 Ziggurat
11:56 Ziggurat
13:06 Nerubian Tower
13:08 Spirit Tower
13:09 Spirit Tower
13:11 Nerubian Tower
13:58 Ziggurat
14:45 Ziggurat
14:48 Ziggurat
14:51 Ziggurat
16:14 Spirit Tower
16:16 Ziggurat
16:18 Ziggurat
16:54 Ziggurat
17:01 Ziggurat
17:32 Spirit Tower
20:27 Spirit Tower
21:00 Ziggurat
21:02 Ziggurat
21:03 Ziggurat
31:32 Necropolis
33:10 Necropolis
34:14 Ziggurat
34:16 Ziggurat
34:17 Ziggurat
35:06 Spirit Tower
35:16 Spirit Tower
35:19 Spirit Tower
36:01 Ziggurat
36:39 Ziggurat
37:02 Spirit Tower
37:49 Nerubian Tower
38:43 Tomb of Relics
47:10 Ziggurat
47:13 Ziggurat
48:19 Ziggurat
51:48 Tree of Life
» items
| Rod of Necromancy | 1 | |
| Dust of Appearance | 2 | |
| Scroll of Town Portal | 8 | |
| Orb of Corruption | 1 | |
12 total
Un-Revenant (
pink | 74 APM | 3790 actions | 51:28)
4 Demon Hunter
2 Mana Burn
2 Evasion
3 Keeper of the Grove
2 Entangling Roots
1 Thorns Aura
» actions
| Basic commands | 21 | |
| Build / train | 135 | |
| Enter build submenu | 53 | |
| Enter hero's abilities submenu | 7 | |
| Give item / drop item | 1 | |
| Remove unit from queue | 7 | |
| Right click | 2629 | |
| Select / deselect | 769 | |
| Use ability | 168 | |
3790 total
» units
| Wisp | 59 | |
| Huntress | 4 | |
| Dryad | 4 | |
| Druid of the Claw | 5 | |
| Chimaera | 7 | |
79 total
» upgrades
| Strength of the Wild | 3 | |
| Abolish Magic | 1 | |
| Reinforced Hides | 3 | |
| Druid of the Claw Training | 2 | |
| Ultravision | 1 | |
| Well Spring | 1 | |
| Nature's Blessing | 1 | |
| Backpack | 1 | |
| Sentinel | 1 | |
| Mark of the Claw | 1 | |
| Strength of the Moon | 2 | |
| Moon Armor | 2 | |
| Corrosive Breath | 1 | |
| Hardened Skin | 1 | |
| Resistant Skin | 1 | |
| Improved Bows | 1 | |
| Marksmanship | 1 | |
| Upgrade Moon Glaive | 1 | |
| Vorpal Blades | 1 | |
26 total
» buildings
| Moon Well | 8 | |
| Altar of Elders | 1 | |
| Hunter's Hall | 1 | |
| Ancient of War | 2 | |
| Tree of Ages | 2 | |
| Ancient of Wonders | 3 | |
| Tree of Eternity | 1 | |
| Ancient of Lore | 2 | |
| Tree of Life | 4 | |
| Ancient Protector | 24 | |
| Ancient of Wind | 1 | |
| Chimaera Roost | 3 | |
52 total
» build order
00:09 Moon Well
00:11 Altar of Elders
00:16 Moon Well
01:37 Hunter's Hall
01:40 Ancient of War
02:21 Ancient of War
02:35 Moon Well
03:05 Tree of Ages
03:31 Moon Well
03:52 Ancient of Wonders
05:33 Tree of Eternity
06:12 Ancient of Lore
06:16 Moon Well
07:04 Ancient of Lore
10:04 Tree of Life
10:53 Ancient Protector
10:58 Moon Well
16:21 Ancient Protector
16:24 Ancient Protector
16:34 Moon Well
19:35 Ancient Protector
19:37 Ancient Protector
20:04 Ancient Protector
20:24 Ancient Protector
22:34 Tree of Life
28:18 Tree of Life
28:20 Ancient Protector
28:23 Ancient Protector
28:28 Ancient Protector
29:13 Ancient Protector
29:17 Ancient Protector
29:20 Ancient Protector
29:37 Ancient Protector
29:43 Ancient Protector
29:52 Ancient Protector
30:01 Ancient Protector
32:54 Moon Well
33:54 Ancient of Wind
33:59 Ancient Protector
34:05 Ancient Protector
35:16 Ancient Protector
35:18 Ancient Protector
35:26 Chimaera Roost
36:07 Chimaera Roost
37:44 Chimaera Roost
42:25 Ancient of Wonders
46:35 Tree of Life
46:41 Ancient Protector
46:43 Ancient Protector
46:46 Ancient Protector
47:13 Ancient of Wonders
» items
| Scroll of Town Portal | 4 | |
| Dust of Appearance | 2 | |
| Staff of Preservation | 1 | |
| Potion of Healing | 2 | |
| Potion of Lesser Invulnerability | 1 | |
| Orb of Venom | 1 | |
11 total
YoD@_W3FR (
red | 33 APM | 2048 actions | 61:58)
4 Blademaster
2 Wind Walk
2 Critical Strike
4 Shadow Hunter
2 Healing Wave
2 Hex
» actions
| Basic commands | 23 | |
| Build / train | 139 | |
| Enter build submenu | 25 | |
| Enter hero's abilities submenu | 8 | |
| Give item / drop item | 14 | |
| Remove unit from queue | 30 | |
| Right click | 1032 | |
| Select / deselect | 676 | |
| Use ability | 101 | |
2048 total
» units
| Peon | 22 | |
| Grunt | 17 | |
| Raider | 20 | |
| Shaman | 3 | |
| Demolisher | 18 | |
| Wind Rider | 2 | |
| Archer | -3 | |
| Glaive Thrower | -4 | |
| Chimaera | 4 | |
79 total
» upgrades
| Melee Weapons | 3 | |
| Spiked Barricades | 2 | |
| Berserker Strength | 1 | |
| Ensnare | 1 | |
| Shaman Training | 1 | |
| Pillage | 1 | |
| Ranged Weapons | 4 | |
| Armor | 3 | |
| Burning Oil | 1 | |
| Envenomed Spears | 1 | |
18 total
» buildings
| Orc Burrow | 7 | |
| Altar of Storms | 1 | |
| Barracks | 1 | |
| War Mill | 1 | |
| Stronghold | 1 | |
| Voodoo Lounge | 1 | |
| Watch Tower | 6 | |
| Great Hall | 4 | |
| Spirit Lodge | 1 | |
| Beastiary | 1 | |
| Fortress | 1 | |
25 total
» build order
00:04 Orc Burrow
00:07 Altar of Storms
00:57 Barracks
01:36 War Mill
01:44 Orc Burrow
03:15 Stronghold
04:19 Voodoo Lounge
05:42 Orc Burrow
06:19 Watch Tower
06:24 Watch Tower
07:08 Great Hall
08:52 Spirit Lodge
08:56 Beastiary
10:14 Orc Burrow
10:16 Orc Burrow
14:52 Great Hall
16:05 Watch Tower
16:35 Watch Tower
17:20 Orc Burrow
17:22 Orc Burrow
19:21 Watch Tower
19:27 Watch Tower
21:11 Fortress
26:24 Great Hall
48:52 Great Hall
» items
Chat log
(00:33 / All) website-world: hi guys
(00:39 / All) bunited: hi
(00:40 / All) YoD@_W3FR: hi pedo
(03:25 / All) YoD@_W3FR: bande de noob
(03:31 / All) YoD@_W3FR: il feed
(03:31 / All) website-world: me?>?
(03:32 / All) YoD@_W3FR: le bleu
(05:10 / All) website-world: bande le noob
(05:17 / All) bunited: oui oui
(07:32 / All) iggy_the_fisk: noob?
(10:07 / All) YoD@_W3FR: bande de noob
(11:10 / All) YoD@_W3FR: gg
(26:52 / All) bunited: va falloir m expliquer
(29:34 / All) YoD@_W3FR: leaver vous avez lose
(29:50 / All) website-world: im pro footballer
(29:54 / All) website-world: not pc freak noooooooooob
(29:55 / All) bunited: lol
(30:08 / All) YoD@_W3FR: bande de noob
(31:43 / All) YoD@_W3FR: LEAVE
(31:46 / All) iggy_the_fisk: we won
(31:53 / All) iggy_the_fisk: Noobs
(31:56 / All) website-world: https://highper.ch/win $3 USD for us to leave
(32:09 / All) iggy_the_fisk: Keeper died
(32:21 / All) YoD@_W3FR: gogo
(32:52 / All) YoD@_W3FR: gg
(32:55 / All) website-world: gg
(32:56 / All) iggy_the_fisk: yeah GG u lose
(32:58 / All) iggy_the_fisk: nnoobs
(33:05 / All) YoD@_W3FR: nobo tower
(33:13 / All) YoD@_W3FR: DELET WAR3
(33:18 / All) YoD@_W3FR: lmdr
(34:36 / All) iggy_the_fisk: red
(34:38 / All) iggy_the_fisk: Noob?
(34:40 / All) YoD@_W3FR: tu fait quoi
(35:04 / All) YoD@_W3FR: TU FAIT QUOI AVEC TES WYRM PUTIN
(35:30 / All) website-world: be nice to teammates : -)
(36:17 / All) bunited: y en a des techs debiles mais celle la pas mal j avoue
(36:24 / All) YoD@_W3FR: c pourri mec
(36:33 / All) YoD@_W3FR: leur tecnique
(41:49 / All) website-world: good choice purple
(43:54 / All) YoD@_W3FR: il sona chier
(43:59 / All) website-world: chien?
(44:03 / All) website-world: sry bad french
(44:20 / All) YoD@_W3FR: puede irté eres noob
(49:24 / All) website-world: ¿
(49:26 / All) bunited: on peut dormir ici
(51:21 / All) website-world: wyvern...
(51:29 / All) YoD@_W3FR: all kil me
(51:35 / All) iggy_the_fisk: ur ba
(51:39 / All) iggy_the_fisk: thanks for the win
(51:40 / All) iggy_the_fisk: NOOB
(51:45 / All) iggy_the_fisk: e z win
(51:48 / All) website-world: https://highper.ch/win pay only $3 for a win
(51:52 / All) website-world: we will leave
(51:58 / All) iggy_the_fisk: team chodylabes representing
(52:11 / All) bunited: vue ta tech
(52:13 / All) bunited: de noobix
(52:19 / All) bunited: en mass tower
(52:22 / All) bunited: 0 skill
(52:36 / All) website-world: its good that im also a professional footballer naaaaaaaaaaaaaaaaaaab
(54:21 / All) bunited: :D
(54:40 / All) iggy_the_fisk: why did you make so many ancient protectors
(54:59 / All) website-world: pourquoi tant de AP?
(55:18 / All) stormsinjuly: les protecteur de anciênt
(56:32 / All) YoD@_W3FR: putin si j'avais drophack on aurai gg large
(60:33 / All) website-world: are u guys paying for reveals?
(60:42 / All) website-world: payer pour reveler?
(60:51 / All) iggy_the_fisk: that's a lotta baguettas
(61:23 / All) YoD@_W3FR: tu es plus la ?
(61:32 / All) iggy_the_fisk: Hey YoD@
(61:35 / All) iggy_the_fisk: thanks for losing the game
(62:08 / All) website-world: lol
(62:14 / All) website-world: youtube.com/highperch
(62:17 / All) bunited: j ai des alliers en carton
(62:38 / All) stormsinjuly: très bien game
(65:28 / All) website-world: ta pere